[ AOE2 MATCH · #506170094 ]
UnrankedTeutons vs Bulgarians
Player's team · WIN
[ REPLAY ANALYSIS · EXTRACTED FROM THE RECORDED GAME ]
Feudal
9:42
Castle
24:27
Imperial
—
| APM avg | 41.3 |
| APM peak | 75 |
| eAPM avg | 18.2 |
| Villagers / military | 57 / 21 |
Focus
⚔️ 23.9% · 🌾 76.1%
Knight ×12 · Monk ×5 · Militia ×2 · Scout Cavalry ×2
Feudal
9:50
Castle
29:23
Imperial
—
| APM avg | 52.5 |
| APM peak | 91 |
| eAPM avg | 17.2 |
| Villagers / military | 52 / 31 |
Focus
⚔️ 28.9% · 🌾 71.1%
Militia ×17 · Spearman ×14
Match map
Initial resources + every placement click. Lines = walls · curves = elevation contours. ◆ gold · ⬟ stone · ● berries · ✦ relic · ◌ wall gap
Your base· Open — 5t gap
L@rdMaSter___'s base· Open — unwalled flank
Smoothed initial terrain · ◌ = detected wall gap · hover for details
Inputs per minute
— joeharry10 - - L@rdMaSter___
Build order — joeharry10
First 150 of 171 actions detected
| 0:00 | Create | Villager (Male) |
| 0:01 | Create | Villager (Male) |
| 0:01 | Create | Villager (Male) |
| 0:02 | Build | House |
| 0:03 | Build | House |
| 0:09 | Create | Villager (Male) |
| 1:29 | Create | Villager (Male) |
| 1:53 | Build | Lumber Camp |
| 1:59 | Create | Villager (Male) |
| 2:18 | Create | Villager (Male) |
| 2:53 | Create | Villager (Male) |
| 3:09 | Create | Villager (Male) |
| 3:45 | Create | Villager (Male) |
| 3:50 | Build | House |
| 4:05 | Create | Villager (Male) |
| 4:13 | Build | House |
| 4:36 | Create | Villager (Male) |
| 4:36 | Create | Villager (Male) |
| 4:42 | Build | Mill |
| 4:51 | Create | Villager (Male) |
| 5:21 | Create | Villager (Male) |
| 5:21 | Create | Villager (Male) |
| 5:39 | Create | Villager (Male) |
| 6:00 | Create | Villager (Male) |
| 6:20 | Build | Barracks |
| 6:30 | Research | Loom |
| 7:32 | Research | Feudal Age |
| 7:56 | Build | Mining Camp |
| 8:09 | Create | Militia |
| 8:10 | Create | Militia |
| 8:19 | Build | Palisade Wall |
| 8:30 | Build | Palisade Wall |
| 8:31 | Build | Palisade Wall |
| 9:27 | Create | Villager (Male) |
| 9:27 | Create | Villager (Male) |
| 9:42 | Age | Feudal Age |
| 9:45 | Build | Stable |
| 10:24 | Create | Villager (Male) |
| 10:24 | Create | Villager (Male) |
| 10:35 | Create | Scout Cavalry |
| 10:36 | Create | Scout Cavalry |
| 10:43 | Research | Double-Bit Axe |
| 10:46 | Research | Horse Collar |
| 10:51 | Create | Villager (Male) |
| 11:17 | Build | House |
| 11:21 | Research | Town Watch |
| 11:31 | Build | Farm |
| 11:33 | Build | Farm |
| 11:36 | Build | Farm |
| 11:44 | Build | House |
| 11:47 | Build | Palisade Wall |
| 12:02 | Build | Watch Tower |
| 12:05 | Create | Villager (Male) |
| 12:06 | Create | Villager (Male) |
| 12:23 | Create | Villager (Male) |
| 12:47 | Build | Farm |
| 12:48 | Build | Farm |
| 13:04 | Build | Mining Camp |
| 13:23 | Create | Villager (Male) |
| 13:39 | Create | Villager (Male) |
| 14:13 | Build | Farm |
| 14:14 | Build | Farm |
| 14:14 | Create | Villager (Male) |
| 14:15 | Create | Villager (Male) |
| 14:21 | Build | Farm |
| 14:40 | Build | Mill |
| 14:40 | Build | Farm |
| 14:41 | Build | Farm |
| 14:41 | Build | Farm |
| 14:41 | Build | Farm |
| 14:41 | Build | Farm |
| 14:41 | Build | Farm |
| 14:42 | Build | Farm |
| 14:50 | Build | Palisade Wall |
| 15:01 | Create | Villager (Male) |
| 15:01 | Create | Villager (Male) |
| 15:07 | Build | House |
| 15:29 | Create | Villager (Male) |
| 15:48 | Build | Farm |
| 16:02 | Build | Watch Tower |
| 16:17 | Create | Villager (Male) |
| 16:17 | Create | Villager (Male) |
| 16:24 | Build | House |
| 16:51 | Build | Blacksmith |
| 17:11 | Create | Villager (Male) |
| 17:11 | Create | Villager (Male) |
| 17:18 | Build | Watch Tower |
| 17:26 | Build | House |
| 17:29 | Build | House |
| 18:28 | Create | Villager (Male) |
| 18:28 | Create | Villager (Male) |
| 18:50 | Build | House |
| 19:04 | Create | Villager (Male) |
| 19:53 | Create | Villager (Male) |
| 19:53 | Create | Villager (Male) |
| 19:56 | Build | Farm |
| 20:06 | Build | Farm |
| 20:29 | Build | Farm |
| 20:34 | Build | Lumber Camp |
| 20:57 | Create | Villager (Male) |
| 20:58 | Create | Villager (Male) |
| 21:02 | Build | Stable |
| 21:43 | Research | Castle Age |
| 21:58 | Build | Stable |
| 22:01 | Research | Forging |
| 22:02 | Research | Scale Barding Armor |
| 22:08 | Research | Bloodlines |
| 22:54 | Research | Wheelbarrow |
| 23:02 | Build | Watch Tower |
| 23:07 | Research | Fletching |
| 23:40 | Create | Villager (Male) |
| 23:40 | Create | Villager (Male) |
| 24:01 | Build | Watch Tower |
| 24:27 | Age | Castle Age |
| 24:36 | Create | Knight |
| 24:37 | Create | Knight |
| 24:38 | Research | Bow Saw |
| 25:05 | Research | Gold Mining |
| 25:26 | Create | Knight |
| 25:26 | Create | Knight |
| 25:27 | Create | Villager (Male) |
| 25:30 | Research | Heavy Plow |
| 25:56 | Create | Villager (Male) |
| 26:13 | Create | Knight |
| 26:14 | Create | Knight |
| 26:19 | Research | Scale Barding Armor |
| 26:24 | Build | Monastery |
| 26:28 | Create | Villager (Male) |
| 26:28 | Create | Villager (Male) |
| 26:32 | Build | Town Center |
| 26:47 | Create | Knight |
| 26:47 | Create | Knight |
| 27:02 | Create | Monk |
| 27:02 | Create | Monk |
| 27:23 | Create | Villager (Male) |
| 27:23 | Create | Villager (Male) |
| 27:24 | Create | Villager (Male) |
| 27:42 | Build | House |
| 27:43 | Build | House |
| 27:48 | Create | Villager (Male) |
| 27:48 | Create | Villager (Male) |
| 27:50 | Build | House |
| 27:50 | Build | House |
| 27:51 | Build | House |
| 27:51 | Build | House |
| 28:04 | Create | Monk |
| 28:30 | Create | Monk |
| 28:39 | Create | Villager (Male) |
| 28:41 | Create | Knight |
| 28:41 | Create | Knight |
Build order — L@rdMaSter___
First 150 of 154 actions detected
| 0:03 | Create | Villager (Male) |
| 0:03 | Create | Villager (Male) |
| 0:03 | Create | Villager (Male) |
| 0:03 | Create | Villager (Male) |
| 0:05 | Build | House |
| 0:06 | Build | House |
| 0:59 | Research | Loom |
| 1:16 | Create | Villager (Male) |
| 1:42 | Create | Villager (Male) |
| 2:21 | Build | Lumber Camp |
| 2:39 | Create | Villager (Male) |
| 2:39 | Create | Villager (Male) |
| 3:33 | Create | Villager (Male) |
| 3:36 | Create | Villager (Male) |
| 4:17 | Create | Villager (Male) |
| 4:17 | Create | Villager (Male) |
| 4:17 | Create | Villager (Male) |
| 4:30 | Build | House |
| 5:03 | Create | Villager (Male) |
| 5:07 | Build | House |
| 5:09 | Create | Villager (Male) |
| 5:09 | Create | Villager (Male) |
| 5:24 | Create | Villager (Male) |
| 5:24 | Create | Villager (Male) |
| 5:47 | Create | Villager (Male) |
| 5:48 | Create | Villager (Male) |
| 5:48 | Create | Villager (Male) |
| 6:09 | Create | Villager (Male) |
| 6:33 | Create | Villager (Male) |
| 6:55 | Build | Barracks |
| 7:40 | Research | Feudal Age |
| 7:57 | Create | Militia |
| 7:58 | Create | Militia |
| 7:58 | Create | Militia |
| 8:35 | Create | Militia |
| 9:28 | Create | Militia |
| 9:28 | Create | Militia |
| 9:29 | Create | Militia |
| 9:36 | Create | Villager (Male) |
| 9:50 | Age | Feudal Age |
| 10:25 | Build | House |
| 10:26 | Build | Mining Camp |
| 10:47 | Build | Mill |
| 11:02 | Build | Blacksmith |
| 11:19 | Build | Watch Tower |
| 11:41 | Build | Watch Tower |
| 11:47 | Build | Watch Tower |
| 12:07 | Build | Farm |
| 12:09 | Build | Farm |
| 12:12 | Build | Farm |
| 12:41 | Research | Scale Mail Armor |
| 13:00 | Create | Villager (Male) |
| 13:00 | Create | Villager (Male) |
| 13:16 | Build | Watch Tower |
| 13:29 | Build | Watch Tower |
| 13:34 | Create | Villager (Male) |
| 13:34 | Create | Villager (Male) |
| 13:39 | Create | Spearman |
| 13:40 | Create | Spearman |
| 14:06 | Create | Militia |
| 14:24 | Create | Villager (Male) |
| 14:43 | Create | Spearman |
| 14:50 | Build | House |
| 15:03 | Create | Villager (Male) |
| 15:36 | Build | Watch Tower |
| 15:38 | Research | Fletching |
| 15:52 | Create | Villager (Male) |
| 16:15 | Research | Forging |
| 16:15 | Research | Forging |
| 16:21 | Build | House |
| 16:58 | Create | Villager (Male) |
| 16:58 | Create | Villager (Male) |
| 17:00 | Build | Farm |
| 17:21 | Create | Villager (Male) |
| 17:21 | Create | Villager (Male) |
| 17:40 | Build | Farm |
| 17:51 | Research | Double-Bit Axe |
| 18:16 | Create | Villager (Male) |
| 18:16 | Create | Villager (Male) |
| 18:27 | Build | Watch Tower |
| 18:38 | Build | Watch Tower |
| 18:48 | Create | Villager (Male) |
| 18:48 | Create | Villager (Male) |
| 18:51 | Build | Lumber Camp |
| 18:53 | Build | Farm |
| 18:56 | Build | Farm |
| 19:07 | Create | Villager (Male) |
| 19:23 | Build | House |
| 19:49 | Build | Barracks |
| 19:53 | Create | Militia |
| 19:54 | Create | Militia |
| 19:58 | Build | Farm |
| 20:00 | Build | Farm |
| 20:08 | Build | Farm |
| 20:09 | Build | Farm |
| 20:14 | Build | Mining Camp |
| 20:25 | Create | Militia |
| 20:46 | Create | Spearman |
| 20:46 | Create | Spearman |
| 20:57 | Build | Farm |
| 20:59 | Build | Farm |
| 21:06 | Create | Spearman |
| 21:18 | Build | Market |
| 21:24 | Create | Militia |
| 21:24 | Create | Militia |
| 21:30 | Build | Lumber Camp |
| 21:42 | Create | Militia |
| 21:57 | Create | Militia |
| 22:17 | Build | Watch Tower |
| 22:26 | Create | Militia |
| 22:41 | Create | Militia |
| 22:44 | Create | Villager (Male) |
| 22:46 | Create | Villager (Male) |
| 23:04 | Create | Villager (Male) |
| 23:06 | Build | Farm |
| 23:07 | Build | Farm |
| 23:09 | Build | Farm |
| 23:14 | Create | Villager (Male) |
| 23:22 | Build | Farm |
| 23:43 | Create | Villager (Male) |
| 23:49 | Build | Watch Tower |
| 23:55 | Create | Villager (Male) |
| 23:56 | Build | Farm |
| 24:03 | Build | Farm |
| 24:20 | Create | Villager (Male) |
| 24:48 | Build | Farm |
| 24:49 | Create | Villager (Male) |
| 25:05 | Create | Villager (Male) |
| 25:07 | Build | Farm |
| 25:31 | Build | Farm |
| 25:42 | Create | Villager (Male) |
| 25:48 | Build | House |
| 25:59 | Create | Villager (Male) |
| 26:01 | Build | Farm |
| 26:15 | Build | House |
| 26:22 | Create | Villager (Male) |
| 26:43 | Research | Castle Age |
| 26:50 | Build | Mining Camp |
| 27:18 | Build | Mining Camp |
| 27:29 | Build | Barracks |
| 28:26 | Create | Spearman |
| 28:27 | Create | Spearman |
| 28:27 | Create | Spearman |
| 28:29 | Create | Spearman |
| 28:29 | Create | Spearman |
| 28:34 | Build | Barracks |
| 28:52 | Research | Arson |
| 28:53 | Create | Spearman |
| 28:57 | Create | Spearman |
| 29:13 | Create | Spearman |
Match timeline
| 6:20 | joeharry10 · first_building Barracks |
| 6:55 | L@rdMaSter___ · first_building Barracks |
| 8:19 | joeharry10 · wall_segment Palisade Wall x5 |
| 8:30 | joeharry10 · wall_segment Palisade Wall x3 |
| 8:31 | joeharry10 · wall_segment Palisade Wall x3 |
| 9:42 | joeharry10 · age_up feudal |
| 9:45 | joeharry10 · first_building Stable |
| 9:50 | L@rdMaSter___ · age_up feudal |
| 11:47 | joeharry10 · wall_segment Palisade Wall x1 |
| 14:50 | joeharry10 · wall_segment Palisade Wall x6 |
| 24:27 | joeharry10 · age_up castle |
| 26:24 | joeharry10 · first_building Monastery |
| 29:23 | L@rdMaSter___ · age_up castle |
| 29:46 | L@rdMaSter___ · resign |
[ AI ANALYSIS · 1 CREDIT ]
What really happened in this match?
Wolo.gg analyzes every decision: build order, eco, micro, common mistakes by bracket. Personalized analysis on WhatsApp or Discord in 30 seconds.
Civ guide
Teutons
Perfil
Jugador #440856